General information
- name: BNet
- type: Ladder 1vs1/FFA
- host: Battle.net
- saver: 7.11
map: EchoIsles
- players: 2
- length: 21:44
- speed: Fast
- version: 1.24 W3XP
- replay type: Public
» download(63 KB)
Players
team 1 (loser)
RUFEO152 (
purple | 45 APM | 978 actions | 21:35)
4 Paladin
2 Holy Light
1 Divine Shield
1 Devotion Aura
» actions
| Assign group hotkey | 1 | |
| Basic commands | 51 | |
| Build / train | 55 | |
| ESC pressed | 5 | |
| Enter build submenu | 30 | |
| Enter hero's abilities submenu | 4 | |
| Right click | 403 | |
| Select / deselect | 321 | |
| Select group hotkey | 64 | |
| Use ability | 44 | |
978 total
» units
| Peasant | 19 | |
| Footman | 9 | |
| Rifleman | 14 | |
| Forest Troll Shadow Priest | 1 | |
| Gryphon Rider | 3 | |
46 total
» buildings
| Altar of Kings | 1 | |
| Farm | 9 | |
| Barracks | 2 | |
| Lumber Mill | 1 | |
| Scout Tower | 4 | |
| Guard Tower | 1 | |
| Keep | 2 | |
| Blacksmith | 1 | |
| Castle | 1 | |
| Gryphon Aviary | 1 | |
| Arcane Vault | 3 | |
26 total
» build order
00:10 Altar of Kings
00:17 Farm
00:36 Barracks
01:03 Farm
01:40 Lumber Mill
01:55 Farm
02:22 Barracks
02:30 Farm
02:35 Scout Tower
02:42 Scout Tower
03:11 Farm
03:14 Guard Tower
06:52 Farm
06:58 Farm
07:58 Keep
07:59 Keep
08:13 Farm
08:18 Blacksmith
10:25 Farm
11:43 Scout Tower
12:24 Castle
13:41 Gryphon Aviary
15:41 Arcane Vault
16:14 Arcane Vault
16:24 Arcane Vault
16:55 Scout Tower
team 2 (winner)
7.11 (
yellow | 66 APM | 1425 actions | 21:44)
5 Blademaster
2 Wind Walk
3 Critical Strike
4 Far Seer
2 Feral Spirit
2 Chain Lighting
» actions
| Assign group hotkey | 35 | |
| Basic commands | 162 | |
| Build / train | 62 | |
| ESC pressed | 2 | |
| Enter build submenu | 35 | |
| Enter hero's abilities submenu | 9 | |
| Give item / drop item | 2 | |
| Right click | 549 | |
| Select / deselect | 271 | |
| Select group hotkey | 188 | |
| Use ability | 110 | |
1425 total
» units
| Peon | 13 | |
| Grunt | 6 | |
| Troll Headhunter/Berserker | 1 | |
| Forest Troll Shadow Priest | 1 | |
| Forest Troll Berserker | 1 | |
| Troll Witch Doctor | 1 | |
| Raider | 1 | |
| Troll Batrider | 1 | |
25 total
» upgrades
| Armor | 2 | |
| Berserker Strength | 1 | |
| Witch Doctor Training | 1 | |
| Ensnare | 1 | |
5 total
» buildings
| Altar of Storms | 1 | |
| Voodoo Lounge | 4 | |
| Orc Burrow | 7 | |
| Barracks | 1 | |
| War Mill | 1 | |
| Stronghold | 1 | |
| Watch Tower | 11 | |
| Spirit Lodge | 1 | |
| Beastiary | 4 | |
| Great Hall | 1 | |
| Fortress | 1 | |
33 total
» build order
00:05 Altar of Storms
00:16 Voodoo Lounge
00:20 Orc Burrow
01:28 Orc Burrow
01:36 Orc Burrow
01:44 Barracks
03:05 War Mill
04:05 Orc Burrow
05:47 Stronghold
06:11 Watch Tower
06:11 Watch Tower
06:12 Watch Tower
06:58 Voodoo Lounge
07:44 Voodoo Lounge
08:15 Orc Burrow
08:20 Spirit Lodge
09:21 Watch Tower
09:22 Watch Tower
11:29 Beastiary
13:30 Great Hall
13:32 Orc Burrow
13:33 Watch Tower
13:34 Watch Tower
14:43 Watch Tower
14:43 Watch Tower
16:31 Voodoo Lounge
16:34 Watch Tower
16:39 Beastiary
16:40 Beastiary
16:47 Beastiary
18:49 Fortress
19:41 Orc Burrow
19:45 Watch Tower
» items
| Healing Salve | 5 | |
| Lesser Clarity Potion | 5 | |
| Scroll of Speed | 2 | |
| Boots of Speed | 2 | |
| Talisman of Evasion | 1 | |
| Periapt of Vitality | 1 | |
| Scroll of Healing | 1 | |
| Potion of Invulnerability | 1 | |
| Pendant of Energy | 1 | |
19 total
Chat log
(20:20 / All) 7.11: lol
(21:00 / All) RUFEO152: so gay
(21:03 / All) 7.11: so noob
(21:05 / All) RUFEO152: this game is so rigged
(21:08 / All) 7.11: cry more
(21:08 / All) RUFEO152: serrousily
(21:09 / All) 7.11: i play human
(21:12 / All) 7.11: i just dont suck at it
(21:14 / All) RUFEO152: play me sc 2
(21:17 / All) 7.11: lmao
(21:23 / All) RUFEO152: can hide in youyr base like a lil bitch
(21:27 / All) 7.11: y u so mad
(21:30 / All) 7.11: hey
(21:31 / All) 7.11: hey
(21:31 / All) 7.11: hey
(21:34 / All) 7.11: you made some towers too